AoeStats
← Rain

Black Forest

509670014Analyzed
3v3 RM · 5d ago on Sep 27, 2026· 58m 6s· 6 players
Game mode
Random Map
Map size
Normal (6 player)
Population
200
Speed
Normal
Resources
Standard
Victory
Conquest
Starting age
Dark Age
Ending age
Imperial Age
RankedLock teamsTeams togetherTeam positionsShared explorationLock speedFull tech treeHidden civsTurbo modeCheats
Victory
Defeat
🇩🇪 Danes · Germany
1062
+17
🇨🇳 Vietnamese · China
1061
+17
🇸🇬 Turks · Singapore
1000
+56
🇺🇸 Saxons · United States
1097
-18
🇭🇺 Saxons · Hungary
1065
-17
🇦🇷 Portuguese · Argentina
1059
-17
阿森
0:35 Loom
1:06 Loom
12:21 Feudal Age
18:41 Castle Age
16:56 Double-Bit Axe
17:03 Fishing Lines
17:33 Horse Collar
19:38 Bow Saw
19:34 Heavy Plow
20:54 Gillnets
24:27 Wheelbarrow
23:40 Town Watch
30:38 Imperial Age
28:08 Gold Mining
28:09 Stone Mining
28:20 Fletching
28:31 Padded Archer Armor
29:03 Elite Skirmisher
29:48 Scale Mail Armor
29:59 Forging
30:50 Bodkin Arrow
31:11 Leather Archer Armor
31:11 Masonry
30:57 Murder Holes
31:43 Hand Cart
31:09 Imperial Skirmisher
31:56 Thumb Ring
31:54 Squires
32:59 Paper Money
33:47 Chemistry
33:09 Scale Barding Armor
34:36 Two-Man Saw
34:10 Crop Rotation
34:19 Iron Casting
33:29 Pikeman
33:56 Arson
34:49 Siege Engineers
34:25 Treadmill Crane
35:33 Hoardings
35:23 Ballistics
35:31 Halberdier
36:32 Guilds
36:57 Ring Archer Armor
37:24 Chain Mail Armor
37:10 Bracer
37:50 Husbandry
38:01 Bloodlines
38:25 Bombard Tower
38:53 Elite Battle Elephant
40:00 Caravan
40:08 Chatras
40:31 Chain Barding Armor
41:45 Plate Mail Armor
42:47 Plate Barding Armor
42:54 Stone Shaft Mining
41:54 Light Cavalry
50:18 Coinage
56:10 Banking
Rain
0:45 Loom
14:01 Feudal Age
18:06 Castle Age
16:49 Double-Bit Axe
19:33 Bow Saw
19:43 Fishing Lines
20:59 Town Watch
21:37 Gillnets
22:41 Wheelbarrow
22:27 Horse Collar
23:54 Medium Warships
24:29 Heavy Plow
26:03 Stone Mining
26:47 Gold Mining
27:32 Hand Cart
31:05 Imperial Age
28:51 Padded Archer Armor
29:09 Fletching
30:39 Gold Shaft Mining
30:47 Scale Barding Armor
30:52 Forging
31:16 Leather Archer Armor
31:40 Bloodlines
31:31 Husbandry
31:52 Chain Barding Armor
32:16 Artillery
35:27 Iron Casting
35:16 Caravan
35:51 Conscription
36:40 Plate Barding Armor
38:49 Blast Furnace
39:12 Elite Janissary
41:03 Two-Man Saw
42:09 Bombard Tower
42:10 Ballistics
42:11 Masonry
41:41 Treadmill Crane
52:53 Coinage
53:03 Coinage
52:43 Guilds
54:15 Banking
54:52 Hoardings
54:13 Bodkin Arrow
54:34 Leather Archer Armor
54:19 Scale Mail Armor
Rackl Peter
4:09 Loom
14:28 Feudal Age
15:03 Double-Bit Axe
15:36 Fishing Lines
21:44 Castle Age
22:41 Gillnets
24:04 Bow Saw
25:56 Scale Mail Armor
26:06 Forging
29:33 Imperial Age
30:20 Iron Casting
30:13 Chain Mail Armor
30:03 Squires
29:50 Gambesons
30:16 Town Watch
30:54 Horse Collar
32:08 Wheelbarrow
32:56 Heavy Plow
32:21 Pikeman
33:05 Onager
33:18 Halberdier
36:36 Hand Cart
36:23 Town Patrol
36:44 Siege Onager
38:00 Caravan
37:31 Elite Varangian Guard
42:05 Plate Mail Armor
42:35 Blast Furnace
45:39 Siege Engineers
49:24 Northmen's Fury
49:25 Hamask
50:26 Conscription
Spicy Meatball
0:47 Loom
13:15 Feudal Age
19:08 Castle Age
19:27 Double-Bit Axe
21:24 Wheelbarrow
23:01 Scale Mail Armor
23:08 Squires
24:01 Bow Saw
24:47 Chain Mail Armor
27:29 Horse Collar
28:39 Fletching
29:15 Bodkin Arrow
29:58 Forging
29:52 Gold Mining
33:46 Imperial Age
33:08 Iron Casting
34:21 Redemption
33:35 Clerical Recruitment
35:57 Chemistry
35:45 Block Printing
36:12 Theocracy
36:01 Sanctity
36:38 Bracer
37:43 Ballistics
37:35 Masonry
38:53 Plate Mail Armor
38:18 Elite Hearth Troop
39:58 Murder Holes
44:28 Elite Skirmisher
45:13 Thumb Ring
45:07 Shield Wall
GuZ
1:41 Loom
12:38 Feudal Age
14:02 Double-Bit Axe
17:27 Castle Age
17:07 Horse Collar
17:20 Gold Mining
17:49 Stone Mining
23:08 Wheelbarrow
22:19 Town Watch
25:13 Scale Mail Armor
28:12 Bow Saw
28:05 Heavy Plow
32:10 Imperial Age
29:57 Hand Cart
30:42 Gold Shaft Mining
31:03 Chain Mail Armor
31:40 Squires
31:26 Gambesons
32:39 Shield Wall
32:42 Elite Varangian Guard
34:29 Conscription
34:18 Fletching
34:38 Forging
36:03 Sanctity
35:57 Elite Skirmisher
37:47 Plate Mail Armor
37:53 Iron Casting
37:20 Padded Archer Armor
37:43 Fortified Wall
37:47 Masonry
40:21 Siege Engineers
39:57 Elite Hearth Troop
40:56 Redemption
41:07 Sanctity
41:48 Ballistics
42:06 Block Printing
42:28 Caravan
43:58 Clerical Recruitment
48:22 Thumb Ring
47:38 Crossbowman
53:06 Pikeman
54:25 Halberdier
tony halcon
12:18 Feudal Age
15:51 Castle Age
13:45 Double-Bit Axe
13:41 Horse Collar
22:18 Imperial Age
20:24 Bow Saw
24:12 Chemistry
24:42 Two-Man Saw
26:54 Gold Mining
26:56 Stone Mining
28:13 Siege Engineers
31:56 Loom
32:08 Treadmill Crane
32:39 Masonry
32:25 Fletching
32:36 Padded Archer Armor
36:29 Bombard Tower
36:07 Bodkin Arrow
37:55 Conscription
41:59 Architecture
41:31 Bracer
41:54 Ballistics
41:49 Arquebus
49:38 Coinage
Connection lost

Rejoining the realm…

Still unreachable

The connection could not be restored.

Session expired

The server has moved on; the page needs a fresh start.